Unix NetHack Version 5.0.0-0 post-release - last build Jul 19 2026 19:10:59 (3aa4ab31751d3886436d94b585a96704892fd477,branch:main).

Game began 2026-07-26 10:30:13, ended 2026-07-28 10:06:34.

Anarchos, lawful female dwarven Valkyrie

                                         -------
                                         |..|..-----
                          ----------------.........|
                          |......q@.....^..-...|...|
                          |%------------.....-.---.|
                          |.........|  --.|........|
                          |.........|   |.--..----.|
                          |.........|   |..|.......|
                          |.........|   |-.`.....`.|
                          |....<....|   |..`|...|..|
                          |.........|   |.-.-----`.|
                          |........ |   |..........|
                          |.........|   -------->.--
                          -----------          ----

Anarchos the Fighter        St:18/02 Dx:12 Co:19 In:9 Wi:8 Ch:10  Lawful S:26750
Dlvl:4  $:0  HP:0(97) Pw:15(15) AC:-10 Xp:8/1452 T:14712 

Latest messages:
 You kill the rothe!
 You already found a monster.  Use 'm' prefix to force another search.
 You hit the leocrotta!
 The leocrotta misses!
 The leocrotta misses!
 The leocrotta hits!
 You miss the leocrotta.
 The leocrotta misses!
 The leocrotta bites!
 The leocrotta hits!
 You hit the leocrotta!
 The leocrotta hits!
 The leocrotta bites!
 The leocrotta hits!
 You miss the leocrotta.
 The leocrotta misses!
 The leocrotta misses!
 The leocrotta hits!
 The leocrotta hits!
 The leocrotta bites!
 The leocrotta hits!
 The leocrotta hits!
 The leocrotta misses!
 The leocrotta hits!
 The leocrotta hits!
 The leocrotta bites!
 The leocrotta misses!
 You hit the leocrotta!
 The leocrotta misses!
 The leocrotta misses!
 The leocrotta misses!
 You miss the leocrotta.
 The leocrotta hits!
 The leocrotta bites!
 The leocrotta hits!
 The leocrotta just misses!
 The leocrotta bites!
 The leocrotta hits!
 Are you sure you want to pray? [yn] (n) y
 You begin praying to Tyr.
 The leocrotta hits!
 The leocrotta bites!
 The leocrotta just misses!
 The leocrotta hits!
 The leocrotta bites!
 The leocrotta hits!
 The leocrotta hits!
 You die...
 Do you want your possessions identified? [ynq] (y) y
 Do you want to see your attributes? [ynq] (y) q

Inventory:
 Amulets  ('"')
  D - an uncursed amulet of reflection (being worn)
 Weapons  (')')
  K - the blessed +1 Orcrist (weapon in right hand)
 Armor    ('[')
  v - a blessed +0 orcish helm (being worn)
  n - an uncursed +0 pair of leather gloves (being worn)
  b - an uncursed +0 pair of iron shoes (being worn)
  c - a blessed +3 small shield (being worn)
  E - a blessed +2 elven cloak (being worn)
  a - a blessed rotproof +0 gray dragon scale mail (being worn)
 Rings    ('=')
  o - a blessed +2 ring of gain constitution (on left hand)
  w - an uncursed ring of sustain ability (on right hand)
 Wands    ('/')
  C - a wand of make invisible (0:7)
  F - a wand of make invisible (0:5)
 Tools    ('(')
  P - a blessed bag of holding containing 112 items
  h - an empty uncursed sack
  O - a cursed sack containing 1 item
  Z - an uncursed skeleton key
  z - a +0 unicorn horn

Contents of the sack:
  an empty cursed bag of holding

Contents of the bag of holding:
  5594 gold pieces
  a +0 boomerang
  10 +0 daggers
  6 cursed +0 daggers
  a very corroded +1 dwarvish spear
  the +0 Sting
  a +0 dwarvish short sword
  a thoroughly rusty +0 long sword
  a cursed thoroughly rusty corroded +1 long sword
  a blessed +2 short sword
  a blessed +0 orcish helm
  an uncursed +0 orcish helm
  a cursed +0 pair of leather gloves
  an uncursed +0 pair of elven boots
  an uncursed +0 pair of iron shoes
  an uncursed +0 pair of iron shoes
  an uncursed +0 pair of low boots
  an uncursed +0 pair of low boots
  an uncursed +0 small shield
  an uncursed +0 dwarvish cloak
  an uncursed +0 mummy wrapping
  an uncursed +0 orcish cloak
  a blessed +0 crystal plate mail
  14 cursed carrots
  an uncursed cream pie
  4 uncursed food rations
  a cursed egg
  an uncursed lichen corpse
  an uncursed scroll of amnesia
  a blessed scroll of blank paper
  an uncursed scroll of blank paper
  2 cursed scrolls of confuse monster
  an uncursed scroll of create monster
  an uncursed scroll of destroy armor
  4 uncursed scrolls of earth
  a cursed scroll of earth
  an uncursed scroll of enchant armor
  2 cursed scrolls of enchant armor
  an uncursed scroll of enchant weapon
  a cursed scroll of enchant weapon
  a blessed scroll of fire
  an uncursed scroll of genocide
  an uncursed scroll of gold detection
  a cursed scroll of gold detection
  3 uncursed scrolls of identify
  3 cursed scrolls of identify
  2 uncursed scrolls of light
  3 cursed scrolls of light
  a blessed scroll of magic mapping
  a blessed scroll of teleportation
  an uncursed scroll of teleportation
  a cursed spellbook of blank paper
  an uncursed spellbook of create familiar
  an uncursed spellbook of detect monsters
  an uncursed spellbook of sleep
  an uncursed spellbook of slow monster
  an uncursed spellbook of teleport away
  an uncursed potion of booze
  a cursed potion of booze
  an uncursed potion of confusion
  a cursed potion of confusion
  an uncursed potion of gain ability
  a cursed potion of gain energy
  an uncursed potion of gain level
  a cursed potion of healing
  an uncursed potion of monster detection
  an uncursed potion of object detection
  a cursed potion of paralysis
  a blessed potion of sickness
  2 cursed potions of sleeping
  a cursed potion of speed
  a potion of unholy water
  a cursed +1 ring of adornment
  an uncursed ring of conflict
  a cursed -1 ring of gain strength
  a cursed ring of hunger
  an uncursed -1 ring of increase damage
  a cursed ring of invisibility
  an uncursed ring of levitation
  an uncursed ring of protection from shape changers
  a wand of light (0:12)
  a wand of light (0:11)
  a wand of lightning (0:3)
  a wand of striking (0:3)
  a wand of striking (0:0)
  an uncursed leather drum
  a cursed tooled horn
  an uncursed blindfold
  an uncursed brass lantern
  a cursed brass lantern
  an uncursed magic lamp
  a magic marker (0:96)
  an uncursed magic whistle
  an uncursed mirror
  a +0 pick-axe
  an uncursed stethoscope
  a cursed tallow candle
  an uncursed towel
  an uncursed partly used wax candle
  3 uncursed citrine stones
  a cursed jet stone
  an uncursed opal
  a cursed opal
  a cursed topaz stone
  4 uncursed worthless pieces of black glass
  a cursed worthless piece of blue glass
  2 cursed worthless pieces of orange glass
  5 uncursed worthless pieces of red glass
  a cursed worthless piece of red glass
  an uncursed worthless piece of violet glass
  a cursed worthless piece of yellow glass
  a cursed touchstone

Anarchos the Valkyrie's attributes:

Background:
 You were a Fighter, a level 8 dwarven Valkyrie.
 You were lawful, on a mission for Tyr
 who was opposed by Odin (neutral) and Loki (chaotic).
 You were right-handed.
 You were in Sokoban, on level 4.
 You entered the dungeon 14712 turns ago.
 You had 1452 experience points, 1108 more were needed to attain level 9.
 Your score was 26750 before end-of-game adjustments.

Basics:
 You had 0 out of 97 hit points.
 You had all 15 energy points (spell power).
 Your armor class was -10.
 Your wallet was empty, but
 you had 5594 zorkmids stashed away in your pack.
 Autopickup was on for all types.

Final Characteristics:
 Your strength was 18/02 (limit:18/100).
 Your dexterity was 12 (limit:20).
 Your constitution was 19 (base:17, limit:20).
 Your intelligence was 9 (limit:16).
 Your wisdom was 8 (limit:16).
 Your charisma was 10 (limit:16).

Final Status:
 You weren't hungry.
 You were unencumbered.
 You were wielding a broadsword.
 You had basic skill with broadsword.

Final Attributes:
 You were piously aligned.
 You were magic-protected.
 You were cold resistant.
 You were sleep resistant.
 You were poison resistant.
 You were telepathic.
 You were aware of the presence of orcs.
 You had infravision.
 You were stealthy.
 You were warded.
 You had reflection.
 You had fixed abilities.
 You were very unlucky.
 You are dead.

Miscellaneous:
 You encountered 2 bones levels.
 Total elapsed playing time was 9 hours, 55 minutes and 39 seconds.

Major events:
 Turn
    1: Anarchos the lawful dwarven Valkyrie entered the dungeon
 1170: attained the rank of Skirmisher (level 3)
 2142: entered the Gnomish Mines
 3592: attained the rank of Fighter (level 6)
 4116: chose an elven dagger to be named "Sting"
 4718: reached Mine Town
 8388: made her first wish - "blessed fixed +3 gray dragon scale mail called MOTHERFUCKER", got "a gray dragon scale mail"
 8442: entered Sokoban
 9098: chose an elven broadsword to be named "Orcrist"
13355: completed 1st Sokoban level
14656: completed 2nd Sokoban level
14712: killed by a leocrotta, while praying

Spells:
 Name                 Level Category     Fail Retention
 sleep                  3   enchantment  100%   51%-75%
 slow monster           2   enchantment  100%  76%-100%
 teleport away          6   escape       100%  76%-100%
 detect monsters        1   divination    99%  76%-100%

Skills:
 Fighting Skills
   bare handed combat [Unskilled]
   two weapon combat  [Unskilled]
   riding             [Unskilled]
 Weapon Skills
   dagger             [Basic]
   axe                [Unskilled]
   pick-axe           [Unskilled]
   short sword        [Basic]
   broadsword         [Basic]
   long sword         [Unskilled]
   two-handed sword   [Unskilled]
   saber              [Unskilled]
   hammer             [Unskilled]
   quarterstaff       [Unskilled]
   polearms           [Unskilled]
   spear              [Expert]
   trident            [Unskilled]
   lance              [Unskilled]
   sling              [Unskilled]
 Spellcasting Skills
   attack spells      [Unskilled]
   escape spells      [Unskilled]

Voluntary challenges:
 Character rerolling was not enabled.
 You never genocided any monsters.
 You never polymorphed an object.
 You never changed form.
 You used 1 wish.
 You did not wish for any artifacts.
 You violated the special Sokoban rules 8 times.
Achievements:
 You attained the rank of Skirmisher.
 You entered a shop.
 You entered the Gnomish Mines.
 You attained the rank of Fighter.
 You entered Minetown.
 You entered a temple.
 You entered Sokoban.

 The Dungeons of Doom: levels 1 to 9
    Level 1:
    Level 2:
       A ring shop.
    Level 3:
    Level 4:
       Stairs down to The Gnomish Mines.
    Level 5:
       Oracle of Delphi.
       Final resting place for
          mrmulliner-Kni-Hum-Mal-Law, killed by a jaguar.
    Level 6:
       Stairs up to Sokoban, level 5.
    Level 7:
       A throne, a fountain, a grave.
    Level 8:
       A fountain.
    Level 9:
 The Gnomish Mines: levels 5 to 9
    Level 5:
    Level 6:
       Some graves.
       Final resting place for
          rhys-Bar-Hum-Mal-Cha, killed by a dwarf,
          Anarchos-Val-Dwa-Fem-Law, killed by a giant ant.
    Level 7:
    Level 8:
       Many shops, a temple and an altar to Tyr, some fountains.
    Level 9:
 Sokoban: levels 5 up to 4
    Level 4: <- You were here.
       Solved.
       Final resting place for
          you, killed by a leocrotta, while praying.
    Level 5:
       Solved.


Vanquished creatures:
  a clay golem
  2 ghosts
 an elven monarch
  2 small mimics
  a xan
  a quantum mechanic
  a troll
  a sasquatch
  a gelatinous cube
  a pyrolisk
  a tengu
 an energy vortex
  a stone giant
  a red naga
  a wraith
  a carnivorous ape
  2 leather golems
  2 Grey-elves
  3 watchmen
  a crocodile
  3 giant beetles
  2 quivering blobs
  4 wolves
  2 winter wolf cubs
  a lynx
  a panther
 34 leprechauns
 an orc-captain
  4 iron piercers
  a giant spider
  2 scorpions
  2 horses
  2 orc mummies
  2 ogres
  a rust monster
  3 owlbears
  2 yetis
  2 gold golems
  a housecat
  a jaguar
  a dwarf leader
  a blue jelly
  a white unicorn
  2 dust vortices
  a raven
  a plains centaur
  2 gnome mummies
  a snake
  2 water moccasins
  4 apes
  a rope golem
  3 soldier ants
  5 bugbears
  a wood nymph
  4 water nymphs
  a mountain nymph
  7 Mordor orcs
  3 Uruk-hai
 an orc shaman
  2 rock piercers
  2 rock moles
  2 fog clouds
  4 yellow lights
  a shrieker
  a violet fungus
  3 gnome leaders
  3 gnomish wizards
  a kobold mummy
  2 gray oozes
  a barrow wight
  2 elf zombies
  a ghoul
  a straw golem
  a paper golem
  4 giant ants
  6 floating eyes
  2 kittens
  2 dwarves
  2 homunculi
  2 kobold leaders
 12 hill orcs
  3 rothes
  a rabid rat
  4 giant bats
  a monkey
  2 orc zombies
  3 dwarf zombies
  3 werejackals
  9 iguanas
  6 killer bees
  2 acid blobs
  2 coyotes
  a gas spore
  4 hobbits
  a large kobold
  5 hobgoblins
  5 giant rats
  6 cave spiders
  a brown mold
  a yellow mold
  3 green molds
  a red mold
 16 gnomes
  7 garter snakes
  a gnome zombie
  6 geckos
  8 jackals
  4 foxes
  4 kobolds
  a goblin
  7 sewer rats
  3 grid bugs
  4 bats
  8 lichens
  3 kobold zombies
 11 newts
343 creatures vanquished.

No species were genocided or became extinct.

Game over:
                       ----------
                      /          \
                     /    REST    \
                    /      IN      \
                   /     PEACE      \
                  /                  \
                  |     Anarchos     |
                  |     5594 Au      |
                  |   killed by a    |
                  |    leocrotta     |
                  |                  |
                  |                  |
                  |       2026       |
                 *|     *  *  *      | *
        _________)/\\_//(\/(/\)/\//\/|_)_______

Farvel Anarchos the Valkyrie...

You died in Sokoban on dungeon level 4 with 26191 points,
and 5594 pieces of gold, after 14712 moves.
You were level 8 with a maximum of 97 hit points when you died.

